 Dungeon Crawl Stone Soup version 0.24.0-37-gcf1ca852f1 (webtiles) character file.

Game seed: 1413223091146399539, levelgen mode: deterministic

26 Iamsoldier the Scratcher (level 2, -1/12 HPs)
             Began as a Felid Transmuter on Nov 23, 2019.
             Slain by a jackal (3 damage)
             ... on level 1 of the Dungeon.
             The game lasted 00:04:15 (1078 turns).

Iamsoldier the Scratcher (Felid Transmuter)         Turns: 1078, Time: 00:04:16

Health: -1/12      AC:  1    Str:  6    XL:     2   Next: 89%
Magic:  6/6        EV: 18    Int: 14    God:
Gold:   7          SH:  0    Dex: 16    Spells: 4/5 levels left
                                        Lives:  0   Deaths: 0

rFire    . . .     SeeInvis +     - Unarmed
rCold    . . .     Gourm    .   (shield unavailable)
rNeg     . . .     Faith    .   (armour unavailable)
rPois    .         Spirit   .   (helmet unavailable)
rElec    .         Reflect  .   (cloak unavailable)
rCorr    .         Harm     .   (gloves unavailable)
MR       .....                  (boots unavailable)
Stlth    ++........             (no amulet)
HPRegen  0.04/turn              (no ring)
MPRegen  0.10/turn              (no ring)

@: quick
A: very small, no armour, no weapons or thrown items, stealth, claws 1, fangs 3,
see invisible, carnivore, speed 1, shaggy fur 1, slow metabolism 1, sharp paws
a: no special abilities


You were on level 1 of the Dungeon.
You were completely stuffed.

You visited 1 branch of the dungeon, and saw 1 of its levels.

You collected 7 gold pieces.

Inventory:

Missiles
 a - 12 arrows
Scrolls
 b - a scroll of teleportation
 e - 2 scrolls of enchant armour
Comestibles
 c - 2 rations
 f - a chunk of flesh


   Skills:
 + Level 1.5 Fighting
 - Level 2.6 Dodging
 + Level 1.4 Stealth
 + Level 3.2 Unarmed Combat
 + Level 2.2 Spellcasting
 + Level 2.5 Transmutations


You had 4 spell levels left.
You knew the following spells:

 Your Spells              Type           Power        Failure   Level  Hunger
a - Beastly Appendage     Tmut           #.....       9%          1    #......

Your spell library contained the following spells:

 Spells                   Type           Power        Failure   Level  Hunger
 Sticks to Snakes         Tmut           #.......     12%         2    ###....
 Spider Form              Tmut/Pois      #.........   38%         3    ###....
 Ice Form                 Ice/Tmut       #.......     80%         4    #####..
 Blade Hands              Tmut           #.........   92%         5    ######.


Dungeon Overview and Level Annotations

Branches:
Dungeon (1/15)

Altars:


Innate Abilities, Weirdness & Mutations

You cannot wear armour.
You are incapable of wielding weapons or throwing items.
Your paws allow you to move quietly. (Stealth)
You have sharp claws.
You have razor-sharp teeth.
You have supernaturally acute eyesight. (SInv)
You are carnivorous and can eat meat at any time.
You cover ground quickly.
You are covered in fur. (AC +1)
You have a slow metabolism.
Your sharp claws are effective at attacking unaware monsters.


Message History

The jackal bites you.
* * * LOW HITPOINT WARNING * * *
The jackal bites you but does no damage.
You aren't carrying any potions.
As you read the scroll labeled CAETIU RAEFRE, it crumbles to dust.
It is a scroll of enchant armour.
You aren't carrying any armour which can be enchanted further.
The jackal misses you.
As you read the scroll labeled TOSANE HISIEL, it crumbles to dust.
It is a scroll of identify.
b - a scroll of teleportation The jackal barely misses you.
Your horns disappear.
The jackal completely misses you.
Press: ? - help, v - describe, . - travel The floor.
The jackal closely misses you. The jackal closely misses you.
The jackal bites you.
You die...

#.#.....#.# #.##....#[..
###'#####.#.# #.##....####
#.......#.#.### #)##....##..
#.............###.##....##.#
#..................#........
#..................#.....#.#
#.............)....##.##.#.#
#.............###'###.##.#.#
#..........@..# #.# #.##.#.#
#..........h..# #.# #....#.#
#..........h..# #.# ######.#
#.............# #.# #.#
#.......###h### #.########..
######### #.# #........... .
#h# ############ . #.# # .
#.#


You could see 4 jackals.

Vanquished Creatures
  A dart slug (D:1)
  A leopard gecko (D:1)
  2 bats (D:1)
  4 goblins (D:1)
  4 hobgoblins (D:1)
  3 jackals (D:1)
  A frilled lizard (D:1)
  A kobold (D:1)
  3 rats (D:1)
20 creatures vanquished.

Notes
Turn   | Place    | Note
-------+----------+-------------------------------------------
     0 | D:1      | Iamsoldier the Felid Transmuter began the quest for the
                  | Orb.
     0 | D:1      | Reached XP level 1. HP: 9/9 MP: 4/4
   242 | D:1      | Reached XP level 2. HP: 12/12 MP: 4/6
   248 | D:1      | Reached skill level 1 in Stealth
  1078 | D:1      | Slain by a jackal

Levels and vault maps discovered:
D:1:      nzn_arrival_depleted_hourglass, layout_basic, hex_tiny

Skill      XL: |  1  2 |
---------------+-------+-----
Stealth        | 1 |  1.4
Fighting       | |  1.5
Dodging        | |  2.6
Unarmed Combat | |  3.2
Spellcasting   | |  2.2
Transmutations | |  2.5

Action                   || total
-------------------------++-------
Melee: Unarmed           ||    70
       Bite              ||     7
       Headbutt          ||     4
 Cast: Beastly Appendage ||    10
  Use: Scroll            ||     2
 Stab: Sleeping          ||     1
  Eat: Chunk             ||     8
Armor: Skin              ||     4
Dodge: Dodged            ||    63
